 Dungeon Crawl Stone Soup version 0.27-a0-237-g52650a7530 (webtiles) character file.

Game seed: 4335624428912853690

29 ReteAZ the Chiller (level 3, 0/31 HPs)
             Began as a Naga Ice Elementalist on Feb 2, 2021.
             Slain by Terence
             ... wielding a +3 morningstar of protection
              (4 damage)
             ... on level 2 of the Dungeon.
             The game lasted 00:03:19 (1303 turns).

ReteAZ the Chiller (Naga Ice Elementalist)          Turns: 1303, Time: 00:03:19

Health: 0/31       AC:  2    Str: 10    XL:     3   Next: 16%
Magic:  0/6        EV:  7    Int: 16    God:
Gold:   37         SH:  7    Dex: 11    Spells: 5/6 levels left

rFire    x . .     SeeInvis +   (no weapon)
rCold    + . .     Faith    .   d - +0 kite shield
rNeg     . . .     Spirit   .   a - +0 robe
rPois    +         Reflect  .   (no helmet)
rElec    .         Harm     .   (no cloak)
rCorr    .         Rampage  .   (no gloves)
Will     .....                  (no barding)
Stlth    ++........             (no amulet)
HPRegen  0.10/turn              h - +4 ring of slaying
MPRegen  0.10/turn              f - ring of ice

@: very slightly contaminated, hasted, quick
A: large, see invisible, deformed body, poison resistance, slowness 2, spit
poison 1, AC +1
a: Spit Poison


You were on level 2 of the Dungeon.
You visited 1 branch of the dungeon, and saw 2 of its levels.

You collected 37 gold pieces.

Inventory:

Armour
 a - a +0 robe (worn)
 d - a +0 kite shield (worn)
Jewellery
 f - a ring of ice (right hand)
 h - a +4 ring of slaying (left hand)
Scrolls
 c - a scroll of identify {unknown}
 e - 4 scrolls of teleportation {unknown}
Potions
 g - 2 potions of curing
 i - a potion of heal wounds {unknown}


   Skills:
 + Level 1.3 Fighting
 - Level 1.5 Dodging
 - Level 3.0 Stealth
 + Level 1.0 Shields
 - Level 2.0 Spellcasting
 + Level 4.3 Ice Magic


You had 5 spell levels left.
You knew the following spells:

 Your Spells              Type           Power        Failure   Level
a - Freeze                Ice            92%          19%         1

Your spell library contained the following spells:

 Spells                   Type           Power        Failure   Level
 Frozen Ramparts          Ice            46%          50%         3
 Ozocubu's Armour         Ice            23%          50%         3
 Hailstorm                Conj/Ice       12%          99%         4
 Summon Ice Beast         Ice/Summ       12%          99%         4


Dungeon Overview and Level Annotations

Branches:
Dungeon (2/15)

Altars:

Annotations:
D:2 Terence


Innate Abilities, Weirdness & Mutations

You cannot wear boots.
Your serpentine skin is tough. (AC +1)
You have supernaturally acute eyesight. (SInv)
Armour fits poorly on your strangely shaped body.
Your system is resistant to poisons. (rPois)
You cover ground very slowly.
You can spit poison.


Message History

Terence hits you with a +3 morningstar of protection!
* * * LOW HITPOINT WARNING * * *
You aren't carrying any items that you can evoke.
You feel better.
Terence hits you with a +3 morningstar of protection.
* * * LOW HITPOINT WARNING * * *
Casting: Freeze (safe; 19% risk of failure)
Confirm with . or Enter, or press ? or * to list all spells.
Aiming: Freeze (safe; 19% risk of failure)
Press: ? - help, Shift-Dir - straight line, f/p - Terence
Aim: Terence, wielding a +3 morningstar of protection and wearing a +0 chain mail (almost dead)
You feel a surge of power!
You miscast Freeze.
Nothing appears to happen.
It was a potion of haste.
You feel yourself speed up.
Terence hits you with a +3 morningstar of protection.
* * * LOW HITPOINT WARNING * * *
An adder comes into view.
The adder moves out of view.
The adder hisses angrily.
Terence hits you with a +3 morningstar of protection.
You die...

.....#...... .@......# #.#
.......†#..# ##'###.#
...........# #.# ##...##<#
...........# #.# #....'.†#
#.........###.# #....####
#..........##.# #....####.#
...####.###.##.# #......gS.#
##########.# #..#.#####.#######
#..........####@#.....#.#####.
#..........S...@...............
#.........######.####.#.######.
#.....(...# #..# #.#.#
#.........# ##.###.#.#
#.........# #..##.#.#
#.........# ##.##.#.#
##.........# #.......#
...........# ###.#.#.#


You could see Terence and an adder.

Vanquished Creatures
  2 dart slugs (D:1)
  A leopard gecko (D:1)
  3 bats
  3 giant cockroaches (D:1)
  3 hobgoblins (D:1)
  A jackal (D:2)
  A quokka (D:2)
  3 goblins (D:1)
  4 rats
21 creatures vanquished.

Notes
Turn   | Place    | Note
-------+----------+-------------------------------------------
     0 | D:1      | ReteAZ the Naga Ice Elementalist began the quest for the
                  | Orb.
     0 | D:1      | Reached XP level 1. HP: 15/15 MP: 3/3
   242 | D:1      | Reached XP level 2. HP: 23/24 MP: 1/5
   427 | D:1      | Reached skill level 1 in Fighting
   914 | D:1      | Reached skill level 1 in Shields
   914 | D:1      | Reached XP level 3. HP: 26/31 MP: 4/6
  1242 | D:2      | Noticed Terence
  1303 | D:2      | Slain by Terence

Illustrated notes

Levels and vault maps discovered:
D:1:      dpeg_arrival_ternary, layout_loops_ring
D:2:      layout_basic, kennysheep_generic_room_11, uniq_terence, uniq_robin

Skill      XL: |  1  2 |
---------------+-------+-----
Fighting       | 1 |  1.3
Shields        | 1 |  1.0
Dodging        | |  1.5
Stealth        | |  3.0
Spellcasting   | |  2.0
Ice Magic      | |  4.3

Action                   || total
-------------------------++-------
Melee: Unarmed           ||    29
 Cast: Freeze            ||    21
 Abil: Spit Poison       ||     8
  Use: Potion            ||     2
 Stab: Sleeping          ||     2
Armor: Robe              ||     9
Dodge: Dodged            ||    13
Block: Kite shield       ||    20

Table legend: (Time is in decaauts)
 A = Elapsed time spent in this place.
 B = Non-inter-level travel time spent in this place.
 C = Inter-level travel time spent in this place.
 D = Time resting spent in this place.
 E = Time spent auto-exploring this place.
 F = Levels seen in this place.
 G = Mean time per level.
                   A        B        C        D        E       F      G
               +--------+--------+--------+--------+--------+-----+--------+
         Total |   1563 |   1537 |     26 |    227 |   1049 |   2 |  781.5 |
       Dungeon |   1563 |   1537 |     26 |    227 |   1049 |   2 |  781.5 |
               +--------+--------+--------+--------+--------+-----+--------+

Top non-repeatable levels by time:
     D:1: 1367 daAuts
     D:2: 195 daAuts
